Map: Ulrena

Players

Petraeus

  • Race: Zerg Zerg
  • League: Grandmaster

PiG - Winner!

  • Race: Zerg Zerg
  • League: Grandmaster

Event: 2016 WCS Winter Challenger Oceania SEA

VOD

Have the link to the VOD?

Description

Time

  • Played on: Feb. 14, 2016, 12:27 a.m.
  • Length: 2:51

All games in this series

Show
View Real Time Build Order
Export as new Build Order

Petraeus Zerg 

Build Orders: Pool First 

Get SALT Encoding   

  12  0:01  Drone  
  13  0:08  Drone  
  14  0:17  Overlord  
  14  0:24  Drone, Extractor  
  15  0:35  Drone x2  
  17  0:45  Spawning Pool  
  17  0:49  Drone  
  17  1:09  Hatchery  
  16  1:12  Drone  
  16  1:15  Drone  
  18  1:21  Drone  
  19  1:25  Extractor  
  19  1:31  Zergling x2  
  19  1:33  Queen  
  21  1:40  Overlord  
  21  1:48  Zergling x2  
  22  2:00  Zergling x2  
  23  2:09  Queen  
  23  2:12  Zergling x2  
  27  2:22  Zergling x2  
  21  2:38  Drone  
Show
View Real Time Build Order
Export as new Build Order

PiG Zerg - Winner!

Build Orders: Pool First 

Get SALT Encoding   

  12  0:00  Drone  
  13  0:21  Spawning Pool  
  13  0:25  Drone  
  13  0:29  Drone  
  14  0:36  Drone, Extractor  
  15  0:48  Overlord  
  15  1:07  Queen  
  15  1:08  Zergling x4  
  15  1:09  Zergling x2  
  20  1:19  Zergling x2  
  21  1:30  Zergling x2  
  22  1:35  Hatchery  
  21  1:41  Zergling x2  
  22  1:51  Overlord  
  22  2:09  Extractor  
  22  2:14  Queen  
  22  2:15  Drone  
  24  2:19  Drone x2  
  25  2:25  Drone  
  25  2:29  Drone  
  26  2:32  Drone  
Tags
 
Add a new tag
Caveats
  • Supply blocks, unpowered buildings, or Contaminate may cause inaccurate times.
  • Supply counts are checked every 10 seconds.